 Dungeon Crawl Stone Soup version 0.27.1-33-g824d729ab1 (webtiles) character file.

Game seed: 16055108237988665350

457 lordive the Digger (level 7, -1/36 HPs)
             Began as a Gargoyle Earth Elementalist on Dec 24, 2021.
             Slain by an orc (7 damage)
             ... on level 4 of the Dungeon.
             The game lasted 00:22:15 (3667 turns).

lordive the Digger (Gargoyle Earth Elementalist)    Turns: 3667, Time: 00:22:16

Health: -1/36      AC:  8    Str: 12    XL:     7   Next: 6%
Magic:  1/12       EV: 12    Int: 17    God:
Gold:   248        SH:  0    Dex: 10    Spells: 9/13 levels left

rFire    . . .     SeeInvis .   h - +0 short sword
rCold    . . .     Faith    .   (no shield)
rNeg     + . .     Spirit   .   b - +0 robe
rPois    ∞         Reflect  .   (no helmet)
rElec    +         Harm     .   (no cloak)
rCorr    .         Rampage  .   q - +0 pair of gloves
Will     .....                  y - +0 pair of boots
Stlth    ++........             (no amulet)
HPRegen  0.12/turn              (no ring)
MPRegen  0.13/turn              (no ring)

@: no status effects
A: sickness immunity, AC +4, negative energy resistance 1, electricity
resistance, torment resistance 1, petrification resistance
a: no special abilities


You were on level 4 of the Dungeon.
You visited 1 branch of the dungeon, and saw 4 of its levels.

You collected 248 gold pieces.

Inventory:

Hand Weapons
 h - a +0 short sword (weapon)
 o - a +0 flail
Missiles
 a - a throwing net
 x - 60 stones
Armour
 b - a +0 robe (worn)
 p - a +0 scale mail
 q - a +0 pair of gloves (worn)
 t - a +0 leather armour
 v - a +0 ring mail
 y - a +0 pair of boots (worn)
 A - a +0 chain mail
 B - a +0 ring mail
Wands
 w - a wand of iceblast (3)
Scrolls
 c - a scroll of torment {unknown}
 d - 3 scrolls of identify {unknown}
 e - a scroll of fog {unknown}
 g - 3 scrolls of teleportation {unknown}
 i - a scroll of blinking {unknown}
 j - a scroll of enchant armour {unknown}
 m - 2 scrolls of immolation {unknown}
 s - a scroll of acquirement {unknown}
Potions
 f - a potion of haste {unknown}
 k - a potion of flight {unknown}
 l - a potion of magic {unknown}
 n - 3 potions of heal wounds {unknown}
 r - a potion of degeneration {unknown}
 u - a potion of might {unknown}
 z - 2 potions of attraction {unknown}


   Skills:
 + Level 2.5 Dodging
 - Level 2.5 Stealth
 * Level 3.9 Spellcasting
 * Level 2.4 Conjurations
 + Level 2.2 Transmutations
 * Level 5.8 Earth Magic


You had 9 spell levels left.
You knew the following spells:

 Your Spells              Type           Power      Damage    Failure   Level
a - Sandblast             Erth           46%        2d11      1%          1
b - Stone Arrow           Conj/Erth      34%        3d9       9%          3

Your spell library contained the following spells:

 Spells                   Type           Power      Damage    Failure   Level
 Passwall                 Tmut/Erth      14%        N/A       4%          2
 Sting                    Tmut/Pois      28%        1d4       10%         1
 Petrify                  Tmut/Erth      17%        N/A       30%         4
 Frozen Ramparts          Ice            6%         1d2       43%         3
 Ice Form                 Ice/Tmut       7%         N/A       69%         4
 Summon Ice Beast         Ice/Summ       3%         N/A       85%         4
 Statue Form              Tmut/Erth      Unusable   N/A       N/A         6

Dungeon Overview and Level Annotations

Branches:
Dungeon (4/15)
 Temple: D:4-7

Altars:
Okawaru
The Shining One

Shops:
D:2 =


Innate Abilities, Weirdness & Mutations

You are immune to sickness and miasma.
Your stone body is resilient. (AC +4)
You are immune to poison.
You resist negative energy. (rN+)
You are resistant to electric shocks. (rElec)
You are resistant to unholy torment.
You are immune to petrification.


Message History

The blast of sand hits the orc warrior but does no damage.
The orc warrior hits you with a +0 short sword.
Casting: Sandblast (safe; 1% risk of failure)
Confirm with . or Enter, or press ? or * to list all spells.
Aiming: Sandblast (safe; 1% risk of failure)
Press: ? - help, Shift-Dir - straight line, f/p - orc warrior
Aim: an orc warrior, wielding a +0 short sword and wearing a +0 plate armour (81% to hit)
The blast of sand hits the orc warrior but does no damage.
The orc warrior hits you with a +0 short sword!
The orc warrior barely misses you.
Aiming: Iceblast
Press: ? - help, Shift-Dir - straight line, f/p - orc warrior
Aim: an orc warrior, wielding a +0 short sword and wearing a +0 plate armour
Okay, then.
Casting: Sandblast (safe; 1% risk of failure)
Confirm with . or Enter, or press ? or * to list all spells.
Aiming: Sandblast (safe; 1% risk of failure)
Press: ? - help, Shift-Dir - straight line, f/p - orc warrior
Aim: an orc warrior, wielding a +0 short sword and wearing a +0 plate armour (81% to hit)
The blast of sand hits the orc warrior but does no damage.
The orc shouts!
The orc warrior hits you with a +0 short sword.
Aiming: Iceblast
Press: ? - help, Shift-Dir - straight line, p - orc warrior The mass of ice explodes!
The iceblast engulfs the orc warrior!
The orc warrior is moderately wounded.
The orc warrior misses you. The kobold hits you but does no damage.
Aiming: Iceblast
Press: ? - help, Shift-Dir - straight line The mass of ice explodes!
The iceblast engulfs the orc warrior.
The orc warrior is heavily wounded.
The orc warrior hits you with a +0 short sword!
* * * LOW HITPOINT WARNING * * *
The kobold misses you. The kobold barely misses you.
The kobold completely misses you. The orc hits you but does no damage.
There is a stone staircase leading up here.
The orc hits you with a +0 mace!
You die...

#..#....####.....# #. .##########
#................##..
..........###.#.....####........
###.....#..................#..#
#####.#####..............#..#
#..##...................###
##..#.#.#.o..........#....#
##.).._..oK...............
#..##.#.@....#....#.#####
#.................#...... #####
##................#.#...#
....#####..##.#...........#.#._.#
....#......#......##......#.#...#
..............##...##.....#......
.......###................#.#####
....#### #........###............
....# #.......## ##...........


You could see an orc warrior, an orc and a kobold.

Vanquished Creatures
  A sky beast (D:4)
  A phantom (D:4)
  3 orc priests (D:3)
  Terence (D:2)
  An orc wizard (D:3)
  6 adders
  A worm (D:2)
  3 dart slugs
  9 orcs
  9 bats
  5 endoplasms
  3 giant cockroaches (D:3)
  5 goblins
  5 hobgoblins
  8 jackals (D:3)
  3 quokkas
  7 ball pythons
  3 frilled lizards
  6 kobolds
  5 rats
85 creatures vanquished.

Notes
Turn   | Place    | Note
-------+----------+-------------------------------------------
     0 | D:1      | lordive the Gargoyle Earth Elementalist began the quest for
                  | the Orb.
     0 | D:1      | Reached XP level 1. HP: 10/10 MP: 3/3
   178 | D:2      | Found Emuaj's Jewellery Shoppe.
   181 | D:2      | Reached XP level 2. HP: 15/15 MP: 0/5
   288 | D:2      | Reached skill level 1 in Transmutations
   288 | D:2      | Reached skill level 4 in Earth Magic
   298 | D:2      | Reached XP level 3. HP: 18/19 MP: 0/6
   836 | D:2      | Noticed Terence
   845 | D:2      | Killed Terence
   846 | D:2      | Reached XP level 4. HP: 24/24 MP: 1/8
  1295 | D:2      | Found a faded altar of an unknown god.
  1578 | D:3      | Reached XP level 5. HP: 20/28 MP: 4/9
  1702 | D:3      | Learned a level 3 spell: Stone Arrow
  1746 | D:4      | Found an iron altar of Okawaru.
  1790 | D:4      | Noticed a sky beast
  1819 | D:4      | Killed a sky beast
  1820 | D:4      | Reached skill level 1 in Conjurations
  1820 | D:4      | Reached skill level 5 in Earth Magic
  1820 | D:4      | Reached XP level 6. HP: 29/32 MP: 1/11
  1903 | D:4      | Found a glowing golden altar of the Shining One.
  2028 | D:4      | Noticed an orc warrior
  3290 | D:3      | Reached XP level 7. HP: 19/36 MP: 7/12
  3445 | D:4      | Got the Disquisition on Moulding
  3667 | D:4      | Slain by an orc

Illustrated notes

Levels and vault maps discovered:
D:1:      mainiacjoe_arrival_reflecting_pool, layout_loops_cross,
          hangedman_abyss_or_decor_stabs
D:2:      layout_loops_ring, serial_shops, shop,
          ebering_ecumenical_altar_abandoned, minmay_misc_feat_columns,
          minmay_misc_feat_encased, minmay_tromino_i4, uniq_terence
D:3:      layout_rooms, gup_sewer_entry_spiral
D:4:      layout_rooms, mainiacjoe_overflow_cross_hatched, lemuel_crystal_altar,
          minmay_temple_entry_trees, serial_bayou_pond_d

Skill      XL: |  1  2  3  4  5  6 |
---------------+-------------------+-----
Transmutations | 1 2 |  2.2
Earth Magic    | 4 5 |  5.8
Dodging        | 2 |  2.5
Spellcasting   | 3 |  3.9
Conjurations   | 1 2 |  2.4
Stealth        | |  2.5

Action                   |  1- 3 |  4- 6 |  7- 9 || total
-------------------------+-------+-------+-------++-------
Melee: Club              |     7 |       |       ||     7
       Short sword       |       |    62 |       ||    62
 Cast: Sandblast         |    34 |    67 |     9 ||   110
       Stone Arrow       |       |     6 |     3 ||     9
Evoke: Wand              |       |       |     2 ||     2
 Stab: Sleeping          |       |     1 |       ||     1
Armor: Robe              |    13 |    42 |     5 ||    60
Dodge: Dodged            |    21 |    74 |     9 ||   104
